 Dungeon Crawl Stone Soup version 0.29-a0-375-g5102b3be25 (webtiles) character file.

Game seed: 5957583256752516672

1226 Antichthon the Covered (level 8, 0/48 HPs)
             Began as a Gargoyle Fighter on May 3, 2022.
             Was a Believer of Zin.
             Slain by an orc warrior
             ... wielding a +0 scimitar
              (5 damage)
             ... on level 5 of the Dungeon.
             The game lasted 00:08:09 (6636 turns).

Antichthon the Covered (Gargoyle Fighter)           Turns: 6636, Time: 00:08:09

Health: 0/48       AC: 18    Str: 22    XL:     8   Next: 47%
Magic:  10/10      EV:  7    Int: 16    God:    Zin [**....]
Gold:   218        SH:  8    Dex:  9    Spells: 7/7 levels left

rFire   + . .      SeeInvis .   a - +0 flail (venom)
rCold   x . .      Faith    .   h - +0 kite shield
rNeg    + . .      Spirit   .   b - +0 chain mail
rPois   ∞          Reflect  .   l - +0 helmet
rElec   +          Harm     .   (no cloak)
rCorr   .          Rampage  .   (no gloves)
Will    .....                   u - +0 pair of boots
Stlth   ..........              (no amulet)
HPRegen 0.16/turn               m - ring of Heutza {Fire +Blink Str+3 Int+4}
MPRegen 0.12/turn               (no ring)

@: no status effects
A: sickness immunity, AC +5, negative energy resistance 1, electricity
resistance, torment resistance 1, petrification resistance
a: Renounce Religion, Evoke Blink, Recite, Vitalisation, Donate Gold


You were on level 5 of the Dungeon.
You worshipped Zin.
Zin was pleased with you.
You visited 1 branch of the dungeon, and saw 6 of its levels.

You collected 242 gold pieces.
You donated 24 gold pieces to Zin.

Inventory:

Hand Weapons
 a - a +0 flail of venom (weapon)
Missiles
 o - 5 silver javelins (quivered)
Armour
 b - a +0 chain mail (worn)
 h - a +0 kite shield (worn)
 l - a +0 helmet (worn)
 u - a +0 pair of boots (worn)
Jewellery
 m - the ring of Heutza (left hand) {Fire +Blink Str+3 Int+4}
   (You found it on level 2 of the Dungeon)

   [ring of fire]

   It enhances your fire magic.
   Str:       It affects your strength (+3).
   Int:       It affects your intelligence (+4).
   rF:        It protects you from fire.
   rC:        It makes you vulnerable to cold.
   +Blink:    It lets you blink.
Wands
 s - a wand of flame (10)
 v - a wand of iceblast (14)
Scrolls
 c - a scroll of magic mapping
 q - 3 scrolls of amnesia
 t - 2 scrolls of brand weapon
 w - 2 scrolls of vulnerability
Potions
 d - a potion of might
 e - a potion of invisibility
 f - 4 potions of attraction
 g - a potion of flight {unknown}
 i - a potion of berserk rage {unknown}
 j - 2 potions of magic {unknown}
 k - a potion of ambrosia {unknown}
 n - a potion of heal wounds {unknown}
 p - a potion of haste {unknown}
 r - a potion of mutation {unknown}


   Skills:
 * Level 4.7 Fighting
 * Level 5.8 Maces & Flails
 * Level 6.1 Armour
 * Level 2.1 Dodging
 * Level 5.3 Shields
 * Level 3.4 Invocations


You had 7 spell levels left.
You didn't know any spells.
Your spell library contained the following spells:

 Spells                   Type           Power      Damage    Failure   Level
 Shock                    Conj/Air       0%         1d3       99%         1
 Blink                    Tloc           0%         N/A       100%        2
 Dazzling Flash           Conj/Hex       0%         N/A       100%        3
 Lesser Beckoning         Tloc           0%         N/A       100%        3
 Swiftness                Air            0%         N/A       100%        3
 Airstrike                Air            0%         N/A       100%        4
 Agony                    Necr           0%         N/A       100%        5
 Manifold Assault         Tloc           0%         N/A       100%        5
 Silence                  Hex/Air        0%         N/A       100%        5
 Dispersal                Tloc           0%         N/A       100%        6
 Disjunction              Tloc           0%         N/A       100%        8


Dungeon Overview and Level Annotations

Branches:
Dungeon (6/15)
 Temple: D:4-7

Altars:
Hepliaklqana
Zin


Innate Abilities, Weirdness & Mutations

You are immune to sickness and miasma.
Your stone body is resilient. (AC +5)
You are immune to poison.
You resist negative energy. (rN+)
You are resistant to electric shocks. (rElec)
You are resistant to unholy torment.
You are immune to petrification.


Message History

Deactivating autopickup; reactivate with Ctrl-A.
The orc wizard gestures at you while chanting.
The puff of flame hits you. You resist.
The orc warrior hits you with a +0 scimitar.
The orc priest begins to cast a cantrip, but forgets the words!
There is a stone staircase leading up here.
The orc warrior hits you with a +0 scimitar!
The orc priest closely misses you.
You climb upwards.
Reactivating autopickup.
There is a stone staircase leading down here.
Unknown command.
You sock the orc priest!
The orc priest is heavily wounded.
You block the orc warrior's attack.
The orc priest hits you but does no damage.
You sock the orc priest!
You kill the orc priest!
The orc warrior barely misses you. x2
The orc warrior hits you but does no damage.
Items here: ( )) †.
You barely miss the orc warrior.
The orc warrior hits you with a +0 scimitar!
You hit the orc warrior.
The orc warrior is poisoned.
The orc warrior is lightly wounded.
You block the orc warrior's attack.
You hit the orc warrior.
The orc warrior looks as sick as possible!
The orc warrior is heavily wounded.
The orc warrior completely misses you.
You hit the orc warrior but do no damage.
The orc warrior looks as sick as possible!
The orc warrior is heavily wounded.
The orc warrior hits you with a +0 scimitar! x2
* * * LOW HITPOINT WARNING * * *
You hit the orc warrior.
The orc warrior looks as sick as possible!
The orc warrior is severely wounded.
The orc warrior hits you with a +0 scimitar.
You die...

#.#########.#..#..#
#.# #.#.....# #.#
#.#.....# ..###
#.##....# ....#
#.##....# #.#.#
#.###...##### #.#.#
#.###.......# #.#.#
#.#.##o##.###
....#######.#.##@>#.#
..............###.#.#
#####...............#
# #.........#####.# #
#.........# #.# #
#######.#.# #.#
#.........# #.#
#.#####)#.# #.# ##
#.# #.#.# #.#


You could see an orc warrior (extremely poisoned).

Vanquished Creatures
  2 black bears (D:5)
  3 ogres
  A centaur (D:5)
  A scorpion (D:5)
  A howler monkey (D:4)
  A jelly (D:4)
  2 hounds (D:5)
  A gnoll shaman (D:4)
  2 orc priests (D:5)
  An iguana (D:5)
  Jessica (D:2)
  Natasha (thrice) (D:2)
  2 orc wizards (D:5)
  Ijyb (D:4)
  5 gnolls
  8 adders
  An ufetubus (D:4)
  2 worms
  2 dart slugs
  11 orcs
  7 bats
  5 endoplasms
  3 giant cockroaches
  8 goblins
  11 hobgoblins
  3 jackals (D:2)
  9 kobolds
  4 quokkas
  4 ball pythons
  5 frilled lizards (D:2)
  6 rats
116 creatures vanquished.

Vanquished Creatures (collateral kills)
  An endoplasm (D:1)
1 creature vanquished.

Grand Total: 117 creatures vanquished

Notes
Turn   | Place    | Note
-------+----------+-------------------------------------------
     0 | D:1      | Antichthon the Gargoyle Fighter began the quest for the
                  | Orb.
     0 | D:1      | Reached XP level 1. HP: 14/14 MP: 1/1
    75 | D:1      | Reached XP level 2. HP: 8/19 MP: 2/2
   507 | D:1      | Noticed an eye of devastation
   512 | D:1      | Found a faded altar of an unknown god.
   522 | D:1      | Noticed a shining eye
   527 | D:1      | Noticed an eye of devastation
   532 | D:1      | Noticed a great orb of eyes
   859 | D:2      | Reached XP level 3. HP: 13/23 MP: 3/3
   881 | D:2      | Identified the ring of Heutza {Fire +Blink Str+3 Int+4}
  1242 | D:2      | Noticed Natasha
  1258 | D:2      | Reached skill level 1 in Invocations
  1261 | D:2      | Killed Natasha
  1262 | D:2      | Reached XP level 4. HP: 18/28 MP: 4/4
  1415 | D:2      | Noticed Natasha
  1420 | D:2      | Noticed Jessica
  1422 | D:2      | Killed Natasha
  1430 | D:2      | Killed Jessica
  1431 | D:2      | Reached skill level 4 in Armour
  1434 | D:2      | Noticed Natasha
  1452 | D:2      | Reached XP level 5. HP: 12/33 MP: 6/6
  1460 | D:2      | Killed Natasha
  2693 | D:3      | Reached skill level 1 in Dodging
  2933 | D:3      | Found a hazy altar of Hepliaklqana.
  2934 | D:3      | Found a faded altar of an unknown god.
  3093 | D:4      | Found a glowing silver altar of Zin.
  3105 | D:4      | Became a worshipper of Zin the Law-Giver
  3188 | D:4      | Noticed an ogre
  3193 | D:4      | Reached XP level 6. HP: 23/38 MP: 7/7
  3441 | D:4      | Reached * piety under Zin
  3722 | D:4      | Reached XP level 7. HP: 34/43 MP: 8/8
  3841 | D:4      | Noticed Ijyb
  3847 | D:4      | Killed Ijyb
  3954 | D:4      | HP: 1/43 [gnoll/+0 flail[a gnoll shaman] (5)]
  3958 | D:5      | Entered Level 5 of the Dungeon
  4848 | D:4      | Reached skill level 5 in Armour
  5315 | D:5      | Reached skill level 5 in Maces & Flails
  5620 | D:5      | Reached skill level 5 in Shields
  5684 | D:5      | Reached ** piety under Zin
  5777 | D:5      | Reached XP level 8. HP: 47/48 MP: 10/10
  6010 | D:5      | Reached skill level 6 in Armour
  6636 | D:5      | Slain by an orc warrior

Illustrated notes

Levels and vault maps discovered:
D:1:      onia_arrival_pyramid, layout_rooms,
          hellmonk_ecumenical_altar_watching_god
D:2:      layout_loops_ring, minmay_misc_feat_four_crosses, minmay_distorted,
          uniq_jessica, uniq_natasha
D:3:      layout_loops_ring, beargit_hepliaklqana_dungeon_heroes,
          minmay_goblin_outpost
D:4:      layout_layer_cave, mainiacjoe_overflow_tiny_flanked, uniq_ijyb
D:5:      layout_basic
D:6:      minmay_opposing_rooms, layout_loops_cross, uniq_edmund

Skill      XL: |  1  2  3  4  5  6  7  8 |
---------------+-------------------------+-----
Invocations    | 1 2 3 |  3.4
Maces & Flails | 3 4 5 |  5.8
Armour         | 4 5 6 |  6.1
Shields        | 4 5 |  5.3
Dodging        | 1 2 |  2.1
Fighting       | 4 |  4.7

Action                   |  1- 3 |  4- 6 |  7- 9 || total
-------------------------+-------+-------+-------++-------
Melee: Flail             |   107 |   155 |   157 ||   419
  Use: Scroll            |     8 |     1 |     3 ||    12
       Potion            |       |     1 |     1 ||     2
 Stab: Invisible         |       |       |     1 ||     1
Armor: Scale mail        |    55 |   113 |       ||   168
       Chain mail        |       |       |   126 ||   126
Dodge: Dodged            |    49 |    83 |    59 ||   191
Block: Buckler           |    12 |       |       ||    12
       Kite shield       |    24 |   100 |    80 ||   204

Table legend: (Time is in decaauts)
 A = Elapsed time spent in this place.
 B = Non-inter-level travel time spent in this place.
 C = Inter-level travel time spent in this place.
 D = Time resting spent in this place.
 E = Time spent auto-exploring this place.
 F = Levels seen in this place.
 G = Mean time per level.
                   A        B        C        D        E       F      G
               +--------+--------+--------+--------+--------+-----+--------+
         Total |   6802 |   6573 |    229 |    877 |   4382 |   6 | 1133.7 |
       Dungeon |   6802 |   6573 |    229 |    877 |   4382 |   6 | 1133.7 |
               +--------+--------+--------+--------+--------+-----+--------+

Top non-repeatable levels by time:
     D:5: 1757 daAuts
     D:4: 1706 daAuts
     D:2: 1192 daAuts
     D:3: 1135 daAuts
     D:1: 1003 daAuts
     D:6: 6 daAuts
